 Dungeon Crawl Stone Soup version 0.19.5 (webtiles) character file.

1414 Keye the Destroyer (level 8, -3/41 HPs)
             Began as a Deep Elf Conjurer on May 7, 2017.
             Slain by tschems's ghost (10 damage)
             ... on level 6 of the Dungeon.
             The game lasted 00:19:48 (6774 turns).

Keye the Destroyer (Deep Elf Conjurer)              Turns: 6774, Time: 00:19:48

Health: -3/41      AC:  7    Str:  7    XL:     8   Next: 43%
Magic:  2/14       EV: 13    Int: 21    God:
Gold:   231        SH:  0    Dex: 20    Spells: 4 memorised, 3 levels left

rFire  . . .     SeeInvis .     d - +2 scythe (venom)
rCold  . . .     Gourm    .     r - +2 robe {rN+}
rNeg   + + .     Faith    .     (shield currently unavailable)
rPois  .         Spirit   .     t - +1 helmet
rElec  .         Reflect  .     i - +0 cloak
rCorr  .         Harm     .     (no gloves)
MR     .....                    (no boots)
Stlth  ++........               (no amulet)
                                A - +5 ring of dexterity
                                y - ring of positive energy

@: no status effects
A: no striking features
a: no special abilities


You were on level 6 of the Dungeon.
You were not hungry.

You visited 2 branches of the dungeon, and saw 7 of its levels.

You collected 231 gold pieces.

Inventory:

Hand Weapons
 d - a +2 scythe of venom (weapon)
Armour
 i - a +0 cloak (worn)
 r - a +2 robe of positive energy (worn)
 t - a +1 helmet (worn)
Jewellery
 a - a cursed -2 ring of strength {unknown}
 y - a ring of positive energy (left hand)
 A - a +5 ring of dexterity (right hand)
Wands
 x - a wand of paralysis (9/24)
Scrolls
 e - a scroll of noise {unknown}
 l - 2 scrolls of magic mapping
 m - a scroll of amnesia {unknown}
 n - 2 scrolls of identify
 q - a scroll of immolation
 s - a scroll of remove curse
 u - a scroll of teleportation
Potions
 g - a potion of haste
 o - 2 potions of curing
 p - a potion of agility {unknown}
 v - a potion of brilliance
 z - a potion of heal wounds
Books
 b - a book of Conjurations

   Spells                             Type                      Level
   a - Magic Dart                     Conjuration                  1
   b - Searing Ray                    Conjuration                  2
   c - Dazzling Spray                 Conjuration/Hexes            3
   d - Fulminant Prism                Conjuration/Hexes            4
   e - Iskenderun's Mystic Blast      Conjuration                  4
   f - Iskenderun's Battlesphere      Conjuration/Charms           5
Comestibles
 c - 2 bread rations
 f - 7 fruits
 h - 4 meat rations
 j - a beef jerky
 k - 3 chunks of flesh
 B - a slice of pizza


   Skills:
 - Level 2.4 Dodging
 - Level 2.4 Stealth
 - Level 3.0 Spellcasting
 + Level 12.0 Conjurations


You had 3 spell levels left.
You knew the following spells:

 Your Spells              Type           Power        Failure   Level  Hunger
a - Magic Dart            Conj           ####         1%          1    None
b - Searing Ray           Conj           ######       1%          2    ##.....
c - Dazzling Spray        Conj/Hex       ####..       3%          3    ###....
d - Iskenderun's Mystic   Conj           ######..     1%          4    ####...


Dungeon Overview and Level Annotations

Branches:
Dungeon (6/15)             Temple (1/1) D:4

Altars:
Ashenzari
Cheibriados
Dithmenos
Elyvilon
Fedhas
Hepliaklqana
Kikubaaqudgha
Makhleb
Okawaru
Ru
Trog
Uskayaw
Xom
Yredelemnul
Zin
The Shining One

Shops:
D:5 *

Annotations:
D:6 tschems's ghost, novice HuFi


Message History

The searing ray hits tschems's ghost.
Tschems's ghost is heavily damaged.
You finish channeling your searing ray.
Tschems's ghost hits you!
Casting: Searing Ray
Confirm with . or Enter, or press ? or * to list all spells.
Aiming: Searing Ray
Press: ? - help, Shift-Dir - straight line, f/p - tschems's ghost
Aim: tschems's ghost (heavily damaged)
The searing ray hits tschems's ghost.
Tschems's ghost is heavily damaged. (Press . to maintain the ray.) Tschems's ghost hits you!
The searing ray hits tschems's ghost.
Tschems's ghost is severely damaged.
Tschems's ghost hits you!
* * * LOW HITPOINT WARNING * * *
The searing ray hits tschems's ghost.
Tschems's ghost is almost destroyed.
Tschems's ghost hits you!
You die...

....... .. .#
....... ....#
....... ....#
!...... #.#.#
#####'# #.#.#
...##.# #.#.#
...##.# #######.#.#
...##.# ..........#
...##.# ######@#.#
...##.# #W#.#
...##'##+### #.#.#
...).......#####.#.#
...........'.....#.#
###
.......(...#######.#
#.# ...#.'##(### #.#
#.# ####'##### #.#
#.# ....
#######.###.####


You could see tschems's ghost.

Vanquished Creatures
  Sigmund (D:3)
  Edmund (D:4)
  The ghost of DasRunzen the Skirmisher, an amateur TeWn of Dithmenos (D:3)
  A sky beast (D:5)
  A phantom (D:6)
  2 ogres
  A centaur (D:6)
  A howler monkey (D:6)
  2 crimson imps (D:5)
  2 hounds
  2 orc priests
  A centaur skeleton (D:5)
  An iguana (D:4)
  3 orc wizards (D:3)
  A killer bee zombie (D:6)
  4 gnolls (D:5)
  7 adders
  An ooze (D:3)
  4 worms
  5 dart slugs
  5 leopard geckos
  12 orcs
  4 bats
  4 giant cockroaches
  11 goblins
  5 hobgoblins
  13 jackals
  4 quokkas
  3 ball pythons
  2 frilled lizards (D:1)
  6 kobolds
  A leopard gecko skeleton (D:4)
  A quokka skeleton (D:4)
  9 rats
122 creatures vanquished.

Notes
Turn   | Place    | Note
-------+----------+-------------------------------------------
     0 | D:1      | Keye the Deep Elf Conjurer began the quest for the Orb.
     0 | D:1      | Reached XP level 1. HP: 10/10 MP: 6/6
   283 | D:1      | Reached XP level 2. HP: 15/15 MP: 5/8
   404 | D:1      | Reached skill level 5 in Conjurations
  1088 | D:2      | Reached XP level 3. HP: 19/19 MP: 6/9
  1125 | D:2      | Found a shattered altar of Ashenzari.
  1131 | D:2      | Found a snail-covered altar of Cheibriados.
  1213 | D:2      | Learned a level 2 spell: Searing Ray
  1217 | D:2      | Learned a level 3 spell: Dazzling Spray
  1425 | D:2      | Found a sacrificial altar of Ru.
  1526 | D:3      | Found a bloodstained altar of Trog.
  1528 | D:3      | Noticed DasRunzen's ghost (amateur TeWn)
  1535 | D:3      | Killed DasRunzen's ghost
  1535 | D:3      | Reached skill level 7 in Conjurations
  1535 | D:3      | Reached XP level 4. HP: 18/24 MP: 2/10
  1535 | D:3      | Reached XP level 5. HP: 21/28 MP: 2/11
  1668 | D:3      | Noticed Sigmund
  1763 | D:3      | Killed Sigmund
  1763 | D:3      | Reached skill level 8 in Conjurations
  1763 | D:3      | Reached XP level 6. HP: 21/32 MP: 2/12
  1996 | D:3      | Learned a level 4 spell: Iskenderun's Mystic Blast
  2612 | D:3      | Reached skill level 9 in Conjurations
  2774 | D:3      | Found a hazy altar of Hepliaklqana.
  3203 | D:4      | Reached XP level 7. HP: 36/36 MP: 4/13
  3341 | D:4      | Found a burning altar of Makhleb.
  3376 | D:4      | Noticed Edmund
  3449 | D:4      | Killed Edmund
  3864 | D:4      | Found a staircase to the Ecumenical Temple.
  3900 | D:4      | Reached skill level 10 in Conjurations
  3936 | Temple   | Entered the Ecumenical Temple
  4754 | D:5      | Entered Level 5 of the Dungeon
  5810 | D:5      | Found a glowing golden altar of the Shining One.
  5845 | D:5      | Found Izor's Assorted Antiques.
  5904 | D:5      | Reached XP level 8. HP: 41/41 MP: 8/14
  5928 | D:5      | Reached skill level 11 in Conjurations
  6701 | D:6      | Reached skill level 12 in Conjurations
  6747 | D:6      | Noticed tschems's ghost (novice HuFi)
  6774 | D:6      | Slain by tschems's ghost

Skill      XL: |  1  2  3  4  5  6  7  8 |
---------------+-------------------------+-----
Conjurations   | 5 7 8 9 10 12 | 12.0
Dodging        | |  2.4
Stealth        | |  2.4
Spellcasting   | |  3.0

Action                   |  1- 3 |  4- 6 |  7- 9 || total
-------------------------+-------+-------+-------++-------
Melee: Scythe            |       |     1 |     3 ||     4
 Cast: Magic Dart        |    65 |    82 |   134 ||   281
       Searing Ray       |     1 |     9 |    12 ||    22
  Use: Scroll            |       |       |    10 ||    10
  Eat: Chunk             |     2 |     4 |    12 ||    18
Armor: Robe              |     1 |     5 |    12 ||    18
Dodge: Dodged            |     1 |    14 |    35 ||    50
